 Dungeon Crawl Stone Soup version 0.29.0-13-gc9e81de378 (webtiles) character file.

Game seed: 6906743024041485485

2062 Quickbrownfox the Chiller (level 9, -8/61 HPs)
             Began as a Demonspawn Ice Elementalist on Sept 7, 2022.
             Was an Initiate of Vehumet.
             Hit by a large rock thrown by a cyclops (29 damage)
             ... on level 6 of the Dungeon.
             The game lasted 00:18:11 (7761 turns).

Quickbrownfox the Chiller (DsIE)                    Turns: 7761, Time: 00:18:12

Health: -8/61      AC: 14    Str:  8    XL:     9   Next: 5%
Magic:  8/16       EV: 12    Int: 27    God:    Vehumet [......]
Gold:   166        SH:  0    Dex: 13    Spells: 4/18 levels left

rFire   . . .      SeeInvis .   s - +2 trident "Kalem" {elec, Int+5}
rCold   + . .      Faith    .   (no shield)
rNeg    . . .      Spirit   .   q - +2 leather armour {rC+}
rPois   .          Reflect  .   (no helmet)
rElec   .          Harm     .   y - +1 cloak
rCorr   .          Rampage  .   e - +0 pair of gloves
Will    .....                   (no boots)
Stlth   ++........              (no amulet)
HPRegen 0.20/turn               p - +4 ring of protection
MPRegen 0.15/turn               (no ring)

@: no status effects
A: hooves 1, icy blue scales 1, demonic guardian 1, spiny 1
a: Renounce Religion


You were on level 6 of the Dungeon.
You worshipped Vehumet.
Vehumet was noncommittal.
You visited 2 branches of the dungeon, and saw 7 of its levels.
You also visited: Sewer.

You collected 166 gold pieces.

Inventory:

Hand Weapons
 c - a +2 whip of holy wrath
 f - a +0 hand axe of venom
 j - a +1 short sword of speed
 r - a +3 whip
 s - the +2 trident "Kalem" (weapon) {elec, Int+5}
   (You found it on level 6 of the Dungeon)

   It occasionally discharges a powerful burst of electricity upon striking a
   foe.
   Int:       It affects your intelligence (+5).
Missiles
 k - 2 throwing nets
Armour
 a - a +0 robe
 e - a +0 pair of gloves (worn)
 o - +0 steam dragon scales
 q - a +2 leather armour of cold resistance (worn)
 u - the +2 ring mail "Buogyuvu" {Will+}
   (You found it on level 4 of the Dungeon)

   Will:      It increases your willpower.
 y - a +1 cloak (worn)
Jewellery
 p - a +4 ring of protection (left hand)
 x - a ring of poison resistance
Wands
 z - a wand of roots (6)
 B - a wand of flame (21)
Scrolls
 d - a scroll of poison
 t - 2 scrolls of teleportation
 A - a scroll of identify
 C - a scroll of enchant weapon {unknown}
 D - a scroll of noise {unknown}
 E - a scroll of fear {unknown}
Potions
 b - a potion of magic
 g - 2 potions of mutation
 h - 3 potions of lignification
 i - 3 potions of curing
 l - 3 potions of brilliance
 m - 6 potions of haste
 n - a potion of might
 v - a potion of attraction {unknown}
 w - 2 potions of degeneration


   Skills:
 + Level 1.7 Fighting
 + Level 2.8(3.0) Axes
 + Level 1.4(2.3) Polearms
 + Level 2.2 Armour
 + Level 3.1 Dodging
 + Level 4.2 Stealth
 + Level 5.3 Spellcasting
 + Level 1.0 Conjurations
 + Level 0.3 Transmutations
 + Level 0.2 Fire Magic
 + Level 6.5 Ice Magic
 * Level 4.2 Poison Magic


You had 4 spell levels left.
You knew the following spells:

 Your Spells              Type           Power      Damage    Failure   Level
a - Freeze                Ice            100%       1d11      1%          1
b - Frozen Ramparts       Ice            84%        1d13      1%          3
c - Ozocubu's Armour      Ice            42%        N/A       1%          3
d - Ignite Poison         Fire/Tmut/Pois 15%        N/A       16%         3
e - Hailstorm             Conj/Ice       27%        3d7       21%         4

Your spell library contained the following spells:

 Spells                   Type           Power      Damage    Failure   Level
 Static Discharge         Conj/Air       9%         3-5/arc   12%         2
 Mephitic Cloud           Conj/Pois/Air  16%        N/A       14%         3
 Sticky Flame             Conj/Fire      10%        2d3       58%         4
 Dispel Undead            Necr           7%         3d8       69%         4
 Freezing Cloud           Conj/Ice/Air   10%        6-21      67%         5


Dungeon Overview and Level Annotations

Branches:
Dungeon (6/15)             Temple (1/1) D:6           Sewer (visited)

Altars:
Cheibriados
Hepliaklqana
Kikubaaqudgha
Makhleb
Nemelex Xobeh
Trog
Uskayaw
Vehumet
Wu Jian
Xom

Shops:
D:1 (


Innate Abilities, Weirdness & Mutations

You have large cloven feet.
You are partially covered in icy blue scales. (AC +2)
A weak demonic guardian rushes to your aid.
You are partially covered in sharp spines.


Message History

Press: ? - help, Shift-Dir - straight line, f - ogre
Aim: an ogre, wielding a +0 giant club The roots erupt in riotous growth!
Roots grab the ogre.
The grasping roots constrict the ogre.
You hear a shout! x2
The wall freezes the ogre.
The ogre struggles to escape constriction.
The grasping roots constrict the ogre.
The roots release their grip on the ogre.
The wall freezes the ogre!
You hit the ogre.
The ogre is almost dead.
The wall freezes the water moccasin.
The wall freezes the ogre!
You kill the ogre!
Vehumet accepts your kill.
The wall freezes the water moccasin.
The water moccasin seems to slow down.
The water moccasin is struck by your spines.
The water moccasin barely misses you.
You have reached level 9!
Your experience leads to an increase in your attributes!
Your base attributes are Str 8, Int 20, Dex 13.
Increase (S)trength, (I)ntelligence, or (D)exterity?
You feel clever. x2
You closely miss the water moccasin. Your kick misses the water moccasin.
The water moccasin is heavily wounded.
The wall freezes the water moccasin.
The water moccasin seems to slow down.
The water moccasin barely misses you.
You puncture the water moccasin!
You kill the water moccasin!
Vehumet accepts your kill.
Your icy armour cracks and falls away as you move.
The frozen ramparts melt away as you move.
You see here an adder corpse.
Items here: )) ††.
A centaur is nearby!
You see here a +0 club.
You see here a +0 spear.
The cyclops throws a large rock.
The large rock hits you!!
You die...

..#......##......................
....................#####..##....
#.#.#.#..........................
.........#########†#######.##....
......#.## ##.# #.##....
........# ###))# #.......
..>...#.# #####.).## ####..##
..........#...#....## ##.##
..[...#.#.......@...# #.##
........#...?......$.# #...
#.#.#.#..............# ###.
g.......#..C............ .......#
.....(####..........#### ########
g...........!.#.....# #
........##.######.#..# #
......:.... #..... # .........##
.. #


You could see a cyclops.

Vanquished Creatures
  Grinder (D:4)
  Menkaure (D:6)
  A water moccasin (D:6)
  An orc warrior (D:6)
  An ice beast (D:6)
  2 ogres (D:6)
  A phantom (D:4)
  3 kobold brigands (Sewer)
  A scorpion (D:5)
  An orc priest (D:4)
  2 hounds (D:5)
  A jelly (D:4)
  2 iguanas (D:5)
  3 orc wizards
  Natasha (D:2)
  15 gnolls
  A river rat (D:3)
  4 adders
  A shadow imp (D:6)
  3 worms (D:3)
  5 dart slugs
  19 orcs
  6 bats
  15 endoplasms
  3 giant cockroaches
  4 goblins
  2 hobgoblins
  6 jackals
  17 kobolds
  A quokka (D:2)
  9 ball pythons
  4 frilled lizards (D:1)
  8 rats
145 creatures vanquished.

Vanquished Creatures (collateral kills)
  Maggie (D:6)
  Natasha (D:2)
  An endoplasm (D:1)
3 creatures vanquished.

Vanquished Creatures (others)
  A shadow imp (D:6)
  3 plants (Sewer)
4 creatures vanquished.

Grand Total: 152 creatures vanquished

Notes
Turn   | Place    | Note
-------+----------+-------------------------------------------
     0 | D:1      | Quickbrownfox the Demonspawn Ice Elementalist began the
                  | quest for the Orb.
     0 | D:1      | Reached XP level 1. HP: 13/13 MP: 3/3
   385 | D:1      | Found Kolik's Antique Weapon Emporium.
   488 | D:1      | Gained mutation: A weak demonic guardian rushes to your
                  | aid. [demonic ancestry]
   488 | D:1      | Reached XP level 2. HP: 19/19 MP: 1/5
   548 | D:1      | Reached skill level 4 in Ice Magic
  1196 | D:1      | Gained mutation: You have large cloven feet. [demonic
                  | ancestry]
  1196 | D:1      | Reached XP level 3. HP: 24/24 MP: 4/6
  1200 | D:1      | Learned a level 3 spell: Frozen Ramparts
  1501 | D:2      | Found a faded altar of an unknown god.
  1510 | D:2      | Noticed Natasha
  1516 | D:2      | Killed Natasha
  1968 | D:2      | Gained mutation: You are partially covered in sharp spines.
                  | [demonic ancestry]
  1968 | D:2      | Reached XP level 4. HP: 27/30 MP: 8/8
  2282 | D:2      | Found a shimmering altar of Xom.
  2320 | D:2      | Noticed Natasha
  2335 | D:2      | Killed Natasha
  2571 | D:3      | You fall into a shaft and drop 3 floors!
  2582 | D:6      | Noticed an ice beast
  2586 | D:5      | Entered Level 5 of the Dungeon
  2761 | D:3      | Gained mutation: You are partially covered in icy blue
                  | scales. (AC +2) [demonic ancestry]
  2761 | D:3      | Reached XP level 5. HP: 26/36 MP: 6/9
  2878 | D:3      | Found a glowing drain.
  2882 | Sewer    | Entered a sewer
  3226 | Sewer    | Reached skill level 5 in Ice Magic
  3251 | Sewer    | Reached XP level 6. HP: 37/42 MP: 8/11
  3336 | Sewer    | Reached skill level 1 in Axes
  3479 | Sewer    | Learned a level 3 spell: Ozocubu's Armour
  3483 | Sewer    | Learned a level 3 spell: Ignite Poison
  4487 | D:4      | Reached XP level 7. HP: 37/47 MP: 13/13
  4493 | D:4      | Learned a level 4 spell: Hailstorm
  4566 | D:4      | Noticed Grinder
  4571 | D:4      | Paralysed by Grinder for 5 turns
  4586 | D:4      | Paralysed by Grinder for 5 turns
  4595 | D:4      | Paralysed by Grinder for 3 turns
  4608 | D:4      | Killed Grinder
  4609 | D:4      | Reached skill level 1 in Poison Magic
  4915 | D:4      | Identified the +2 ring mail "Buogyuvu" {Will+}
  5452 | D:4      | Reached skill level 1 in Fighting
  5809 | D:5      | Reached skill level 1 in Conjurations
  5923 | D:5      | Reached XP level 8. HP: 54/54 MP: 14/14
  6517 | D:6      | Noticed Menkaure
  6520 | D:6      | Identified the +2 trident "Kalem" {elec, Int+5}
  6686 | D:6      | Killed Menkaure
  6687 | D:6      | Reached skill level 1 in Armour
  6982 | D:6      | Noticed Maggie
  7233 | D:6      | Killed Maggie
  7234 | D:6      | Reached skill level 1 in Polearms
  7234 | D:6      | Reached skill level 5 in Spellcasting
  7234 | D:6      | Reached skill level 6 in Ice Magic
  7523 | D:6      | Found a staircase to the Ecumenical Temple.
  7550 | Temple   | Entered the Ecumenical Temple
  7632 | Temple   | Became a worshipper of Vehumet
  7688 | D:6      | Noticed a cyclops
  7748 | D:6      | Reached XP level 9. HP: 18/61 MP: 6/16
  7761 | D:6      | Hit by a large rock thrown by a cyclops

Illustrated notes

Levels and vault maps discovered:
D:1:      dpeg_arrival_tiny_a, layout_loops_cross, serial_shops,
          nicolae_shop_overgrown_old_shop, minmay_tetromino_i4
D:2:      layout_basic, hellmonk_ecumenical_altar_crossroads, basic_altar,
          uniq_natasha
D:3:      layout_loops_cross, gup_sewer_entry_spiral
D:4:      layout_loops_corners, uniq_grinder
D:5:      layout_loops_ring
D:6:      layout_rooms, minmay_temple_entry_glass, uniq_menkaure, uniq_maggie
Temple:   dpeg_five_rooms_temple

Skill      XL: |  1  2  3  4  5  6  7  8 |
---------------+-------------------------+-----
Ice Magic      | 4 5 6 |  6.5
Stealth        | 2 3 4 |  4.2
Dodging        | 2 3 |  3.1
Spellcasting   | 3 4 5 |  5.3
Axes           | 1 2 |  2.8
Poison Magic   | 2 4 |  4.2
Fighting       | 1 |  1.7
Conjurations   | 1 |  1.0
Armour         | 2 |  2.2
Polearms       | 1 |  1.4
Transmutations | |  0.3
Fire Magic     | |  0.2

Action                   |  1- 3 |  4- 6 |  7- 9 || total
-------------------------+-------+-------+-------++-------
Melee: Unarmed           |    12 |       |       ||    12
       Hand axe          |    19 |    97 |    64 ||   180
       Kick              |     4 |    33 |    40 ||    77
       Punch             |     1 |     1 |       ||     2
       Trident           |       |       |    54 ||    54
 Cast: Freeze            |    44 |    14 |     4 ||    62
       Frozen Ramparts   |     1 |     6 |    11 ||    18
       Ignite Poison     |       |     1 |     1 ||     2
       Ozocubu's Armour  |       |       |    10 ||    10
       Hailstorm         |       |       |     2 ||     2
Evoke: Wand              |       |       |     2 ||     2
  Use: Scroll            |     1 |     7 |     7 ||    15
       Potion            |       |     3 |     5 ||     8
 Stab: Sleeping          |     3 |     8 |     4 ||    15
       Distracted        |       |       |     1 ||     1
Armor: Robe              |     9 |    27 |    10 ||    46
       Leather armour    |       |       |    44 ||    44
       Skin              |       |       |     6 ||     6
Dodge: Dodged            |    39 |    55 |    77 ||   171
